 Dungeon Crawl Stone Soup version 0.29.1-12-g30fa7ad0bf (webtiles) character file.

Game seed: 16955435077092071290

1305 KittyFluff the Covered (level 8, -3/51 HPs)
             Began as a Gargoyle Berserker on Jan 6, 2023.
             Was a Priest of Trog.
             Killed by divine providence
             ... invoked by an orc priest
              (12 damage)
             ... on level 6 of the Dungeon.
             The game lasted 00:34:44 (5627 turns).

KittyFluff the Covered (Gargoyle Berserker)         Turns: 5627, Time: 00:34:48

Health: -3/51      AC: 15    Str: 22    XL:     8   Next: 57%
Magic:  8/8        EV: 16    Int:  7    God:    Trog [***...]
Gold:   328        SH:  0    Dex: 11    Spells: 7/7 levels left

rFire   . . .      SeeInvis .   l - +0 flail
rCold   . . .      Faith    .   (no shield)
rNeg    + . .      Spirit   .   z - +0 ring mail {Will+}
rPois   ∞          Reflect  .   d - +2 hat
rElec   +          Harm     .   (no cloak)
rCorr   .          Rampage  .   f - +0 pair of gloves
Will    +....                   (no boots)
Stlth   +.........              (no amulet)
HPRegen 0.17/turn               w - +4 ring of evasion
MPRegen 0.11/turn               (no ring)

@: no status effects
A: sickness immunity, AC +5, negative energy resistance 1, electricity
resistance, torment resistance 1, petrification resistance
a: Renounce Religion, Berserk, Trog's Hand


You were on level 6 of the Dungeon.
You worshipped Trog.
Trog was most pleased with you.
You visited 1 branch of the dungeon, and saw 6 of its levels.

You collected 328 gold pieces.

Inventory:

Hand Weapons
 a - a +0 mace
 l - a +0 flail (weapon)
 o - a +0 sling
Missiles
 e - 49 stones (quivered)
Armour
 d - a +2 hat (worn)
 f - a +0 pair of gloves (worn)
 m - a +0 ring mail of fire resistance
 q - a +0 scale mail
 r - the +1 ring mail of Ydaid {rPois rF+++ Slay-4 Stlth+}
   (You found it on level 3 of the Dungeon)

   Slay:      It affects your accuracy & damage with ranged weapons and melee
   (-4).
   rF:        It renders you almost immune to fire.
   rPois:     It protects you from poison.
   Stlth:     It makes you more stealthy.
 v - the +1 leather armour "Qaysicepp" {*Corrode rPois rC+}
   (You found it on level 4 of the Dungeon)

   rC:        It protects you from cold.
   rPois:     It protects you from poison.
   *Corrode:  It may corrode you when you take damage.
 z - a +0 ring mail of willpower (worn)
Jewellery
 h - an amulet of faith
 w - a +4 ring of evasion (left hand)
Scrolls
 b - a scroll of noise {unknown}
 g - 5 scrolls of teleportation {unknown}
 i - 2 scrolls of immolation {unknown}
 s - a scroll of poison {unknown}
 t - a scroll of enchant weapon {unknown}
 u - a scroll of butterflies {unknown}
 x - a scroll of summoning {unknown}
 y - a scroll of acquirement {unknown}
Potions
 c - 4 potions of curing
 j - a potion of mutation
 k - a potion of attraction
 n - a potion of might
 p - a potion of lignification {unknown}
 A - a potion of heal wounds {unknown}


   Skills:
 + Level 5.9 Fighting
 + Level 5.4 Maces & Flails
 * Level 7.3 Armour
 + Level 4.0 Dodging


You had 7 spell levels left.
You didn't know any spells.
Your spell library was empty.

Dungeon Overview and Level Annotations

Branches:
Dungeon (6/15)
 Temple: D:4-7

Altars:
Gozag
Kikubaaqudgha


Innate Abilities, Weirdness & Mutations

You are immune to sickness and miasma.
Your stone body is resilient. (AC +5)
You are immune to poison.
You resist negative energy. (rN+)
You are resistant to electric shocks. (rElec)
You are resistant to unholy torment.
You are immune to petrification.


Message History

Beogh smites you!
Things that are here:
a +0 club; a +0 leather armour; an orc corpse You sock the orc!
You kill the orc!
Trog accepts your kill.
You hit the orc priest.
The orc priest is heavily wounded.
The orc priest calls down the wrath of Beogh upon you.
Beogh smites you!
You barely miss the orc priest.
The orc priest is heavily wounded.
The orc priest misses you.
You barely miss the orc. The orc misses you.
You barely miss the orc. The orc completely misses you.
The orc priest looks encouraged for a moment.
You hit the orc.
The orc is almost dead.
The orc priest invokes the aid of Beogh against you.
Beogh smites you!
* * * LOW HITPOINT WARNING * * *
The orc hits you but does no damage.
You closely miss the orc.
The orc is almost dead.
The orc priest calls upon Beogh to heal the orc.
The orc is healed somewhat.
The orc closely misses you.
You hit the orc.
The orc is moderately wounded.
The orc barely misses you.
You hit the orc.
The orc is heavily wounded.
The orc barely misses you.
You hit the orc but do no damage.
The orc is heavily wounded.
The orc misses you.
The orc hits you with a +4 dagger of venom.
* * * LOW HITPOINT WARNING * * *
The orc priest calls down the wrath of Beogh upon you.
Beogh smites you!
You die...

#..........#
#..........# ####
#..........# #...
#..........# #...
#..........# #...
##........## .o.
##^.......##
#.########..........#
#.oo@...............#
##..#######..........#
.....# #..........#
###.... #..........#
#.... #####........##
####.#.#
#..†........##
..##...###.###########
.........).#
.............###


You could see an orc priest and an orc.

Vanquished Creatures
  A hornet (D:5)
  A water moccasin (D:6)
  An ice beast (D:5)
  An ogre (D:5)
  A bullfrog (D:6)
  3 necrophages
  A gnoll bouda (D:5)
  5 hounds
  An orc priest (D:3)
  4 iguanas
  11 gnolls
  8 adders
  A white imp (D:6)
  2 worms
  2 dart slugs
  6 orcs
  9 ball pythons
  4 bats
  5 endoplasms
  A giant cockroach (D:4)
  8 goblins
  5 hobgoblins
  9 jackals
  3 kobolds
  3 frilled lizards
  6 rats
102 creatures vanquished.

Notes
Turn   | Place    | Note
-------+----------+-------------------------------------------
     0 | D:1      | KittyFluff the Gargoyle Berserker began the quest for the
                  | Orb.
     0 | D:1      | Reached XP level 1. HP: 14/14 MP: 1/1
   235 | D:1      | Reached XP level 2. HP: 18/19 MP: 2/2
   943 | D:1      | Reached XP level 3. HP: 23/23 MP: 3/3
  1083 | D:2      | Reached skill level 3 in Armour
  1371 | D:2      | Reached ** piety under Trog
  1375 | D:2      | Reached XP level 4. HP: 17/29 MP: 4/4
  2030 | D:2      | Reached XP level 5. HP: 32/33 MP: 5/5
  2202 | D:2      | Reached skill level 4 in Armour
  2354 | D:3      | Found a faded altar of an unknown god.
  2870 | D:3      | Identified the +1 ring mail of Ydaid {rPois rF+++ Slay-4
                  | Stlth+}
  3359 | D:4      | Reached XP level 6. HP: 17/39 MP: 6/6
  3359 | D:4      | Identified the +1 leather armour "Qaysicepp" {*Corrode
                  | rPois rC+}
  3551 | D:4      | Found an opulent altar of Gozag.
  3686 | D:4      | Found an ancient bone altar of Kikubaaqudgha.
  3929 | D:5      | Entered Level 5 of the Dungeon
  3946 | D:5      | Reached skill level 5 in Armour
  3984 | D:5      | Reached XP level 7. HP: 28/44 MP: 7/7
  4227 | D:5      | Noticed a hornet
  4243 | D:5      | Killed a hornet
  4244 | D:5      | Reached skill level 5 in Fighting
  4370 | D:5      | Reached skill level 6 in Armour
  4903 | D:5      | Reached XP level 8. HP: 50/50 MP: 8/8
  5316 | D:5      | Reached skill level 5 in Maces & Flails
  5391 | D:6      | Reached skill level 7 in Armour
  5500 | D:6      | Reached *** piety under Trog
  5627 | D:6      | Killed from afar by an orc priest

Illustrated notes

Levels and vault maps discovered:
D:1:      matt_arrival_diagonals, layout_basic, minmay_misc_feat_room
D:2:      layout_basic, corexii_shack
D:3:      layout_loops_corners, chequers_ecumenical_altar_island
D:4:      layout_loops_cross, mainiacjoe_overflow_cross_hatched,
          mainiacjoe_overflow_paths
D:5:      layout_basic
D:6:      layout_rooms

Skill      XL: |  1  2  3  4  5  6  7  8 |
---------------+-------------------------+-----
Armour         | 3 4 5 6 7 |  7.3
Dodging        | 2 3 4 |  4.0
Fighting       | 4 5 |  5.9
Maces & Flails | 4 5 |  5.4

Action                   |  1- 3 |  4- 6 |  7- 9 || total
-------------------------+-------+-------+-------++-------
Melee: Mace              |   103 |       |       ||   103
       Punch             |     1 |     1 |     2 ||     4
       Flail             |       |   189 |   160 ||   349
Invok: Berserk           |       |       |     2 ||     2
  Use: Scroll            |       |     5 |     1 ||     6
       Potion            |       |     1 |       ||     1
 Stab: Sleeping          |     1 |       |       ||     1
Armor: Animal skin       |    48 |    40 |       ||    88
       Ring mail         |       |    29 |    62 ||    91
Dodge: Dodged            |    78 |   132 |   128 ||   338
